 Dungeon Crawl Stone Soup version 0.28-a0-577-gb193047a1f (webtiles) character file.

Game seed: 11002847522707113006

1111 demibob the Spear-Bearer (level 8, -2/56 HPs)
             Began as a Merfolk Gladiator on Oct 2, 2021.
             Was an Initiate of Okawaru.
             Slain by an orc warrior (12 damage)
             ... on level 6 of the Dungeon.
             The game lasted 00:09:17 (5505 turns).

demibob the Spear-Bearer (Merfolk Gladiator)        Turns: 5505, Time: 00:09:17

Health: -2/56      AC:  5    Str: 13 (14) XL:     8   Next: 33%
Magic:  8/8        EV: 18    Int:  4 (7)  God:    Okawaru [......]
Gold:   147        SH:  0    Dex: 21 (24) Spells: 7/7 levels left

rFire   . . .      SeeInvis .   a - +1 trident
rCold   . . .      Faith    .   (no shield)
rNeg    . . .      Spirit   .   b - +0 leather armour
rPois   .          Reflect  .   c - +0 helmet
rElec   .          Harm     .   (no cloak)
rCorr   .          Rampage  .   g - +0 pair of gloves
Will    .....                   (no boots)
Stlth   ++........              (no amulet)
HPRegen 0.18/turn               D - +6 ring of dexterity
MPRegen 0.11/turn               (no ring)

@: attractive, flying
A: (nimble swimmer 2), mertail
a: Renounce Religion


You were on level 6 of the Dungeon.
You worshipped Okawaru.
Okawaru was noncommittal.
You visited 2 branches of the dungeon, and saw 7 of its levels.
You also visited: Ossuary.

You collected 271 gold pieces.
You spent 124 gold pieces at shops.


Innate Abilities, Weirdness & Mutations

((You are quick and stealthy near water. (Stealth+, EV+, Speed+++)))
Your lower body shifts to a powerful aquatic tail in water.


   Skills:
 - Level 2.1 Fighting
 + Level 10.6 Polearms
 - Level 2.0 Throwing
 + Level 9.7 Dodging


You had 7 spell levels left.
You didn't know any spells.
Your spell library contained the following spells:

 Spells                   Type           Power      Damage    Failure   Level
 Magic Dart               Conj           0%         1d3       58%         1
 Searing Ray              Conj           0%         2d4       73%         2
 Gell's Gravitas          Tloc           0%         N/A       91%         3
 Lesser Beckoning         Tloc           0%         N/A       91%         3
 Mephitic Cloud           Conj/Pois/Air  0%         N/A       91%         3
 Teleport Other           Tloc           0%         N/A       91%         3
 Fulminant Prism          Conj/Hex       0%         3d6       100%        4
 Petrify                  Tmut/Erth      0%         N/A       100%        4
 Metabolic Englaciation   Hex/Ice        0%         N/A       100%        5
 Statue Form              Tmut/Erth      0%         N/A       100%        6
 Call Imp                 Summ           Unusable   N/A       N/A         2

Inventory:

Hand Weapons
 a - a +1 trident (weapon)
Missiles
 d - 3 throwing nets (quivered) {=f}
Armour
 b - a +0 leather armour (worn)
 c - a +0 helmet (worn)
 g - a +0 pair of gloves (worn)
Jewellery
 D - a +6 ring of dexterity (left hand)
Scrolls
 e - a scroll of enchant weapon
 j - a scroll of magic mapping
 l - a scroll of vulnerability
 p - a scroll of teleportation {unknown}
Potions
 f - a potion of attraction
 i - a potion of curing {@q1}
 k - a potion of brilliance
 n - a potion of lignification {unknown}

Dungeon Overview and Level Annotations

Branches:
Dungeon (6/15)             Temple (1/1) D:6         Ossuary (visited)

Altars:
Ashenzari
Elyvilon
Gozag
Kikubaaqudgha
Makhleb
Nemelex Xobeh
Okawaru
Ru
Wu Jian
Yredelemnul
Zin

Shops:
D:3 *

Annotations:
D:3 2 transporters, mdk's ghost, amateur TeCj

### #.. ###..## ###
......## #..
#....####.#
...#######....##.#
.......@o.....##.#####
##########8.8#...##..
#...##..##.#
#8.8###.##.#
≈≈...≈≈##...#
≈≈≈8.8≈≈≈##..#
≈≈≈≈▓+▓≈≈≈≈#..# ≈≈.▒
▒.≈≈##.### ≈≈≈.▓
▓.≈≈≈#...#


You could see an orc warrior.


Message History

You hit the orc warrior but do no damage.
The orc warrior is moderately wounded.
The orc warrior hits you with a +0 mace!
You hit the orc warrior but do no damage.
The orc warrior is moderately wounded.
The orc warrior hits you with a +0 mace!
* * * LOW HITPOINT WARNING * * *
You hit the orc warrior but do no damage.
The orc warrior is lightly wounded.
The orc warrior hits you with a +0 mace!
* * * LOW HITPOINT WARNING * * *
You hit the orc warrior but do no damage.
The orc warrior is lightly wounded.
You barely miss the orc warrior.
The orc warrior is lightly wounded.
The orc warrior completely misses you.
It was a potion of attraction.
You feel attractive to monsters. The orc warrior completely misses you.
It was a potion of magic.
Magic courses through your body. The orc warrior completely misses you.
It was a potion of degeneration.
There was something very wrong with that liquid.
You feel weakened.
You feel dopey.
You feel clumsy. The orc warrior misses you.
It was a potion of flight.
You feel very buoyant.
You fly up into the air.
The orc warrior hits you with a +0 mace!
You die...

Skill      XL: |  1  2  3  4  5  6  7 |
---------------+----------------------+-----
Polearms       | 5 6 7 8 10 | 10.6
Dodging        | 5 6 7 9 |  9.7
Fighting       | |  2.1
Throwing       | |  2.0

Action                   |  1- 3 |  4- 6 |  7- 9 || total
-------------------------+-------+-------+-------++-------
Melee: Trident           |    91 |   261 |   194 ||   546
  Use: Scroll            |     1 |     4 |       ||     5
       Potion            |       |     2 |     4 ||     6
 Stab: Sleeping          |       |     6 |     4 ||    10
Armor: Leather armour    |    20 |    36 |    12 ||    68
Dodge: Dodged            |    44 |   130 |   102 ||   276

Levels and vault maps discovered:
D:1:      erik_arrival_cave_to_civilisation [erik_arrival_cave_to_hall],
          layout_loops_ring
D:2:      layout_basic, basic_altar, st_stairs_4, grunt_decor_fettered,
          small_statue_intersection, uniq_natasha
D:3:      layout_loops_ring, nicolae_gozag_cash_rules_everything_around_me,
          grunt_temple_overflow_open, gammafunk_ghost_stat_death, serial_shops,
          nicolae_shop_overgrown_old_shop
D:4:      layout_basic, lemuel_doored_altar, enter_ossuary_3
D:5:      layout_basic, serial_curves, eino_curves_01, eino_curves_02,
          minivault_11
D:6:      layout_basic, kennysheep_orc_sif_temple, marbit_many_paths,
          minmay_temple_entry_stoned_glass, serial_curves, eino_curves_03,
          eino_curves_01, eino_curves_01, eino_curves_03
Temple:   regret_index_temple_generic_petals

Notes
Turn   | Place    | Note
-------+----------+-------------------------------------------
     0 | D:1      | demibob the Merfolk Gladiator began the quest for the Orb.
     0 | D:1      | Reached XP level 1. HP: 16/16 MP: 1/1
   254 | D:1      | Reached XP level 2. HP: 21/22 MP: 2/2
   346 | D:1      | Reached skill level 5 in Polearms
   830 | D:2      | Reached XP level 3. HP: 24/27 MP: 3/3
   890 | D:2      | Noticed Natasha
   900 | D:2      | Killed Natasha
   901 | D:2      | Reached skill level 5 in Dodging
   901 | D:2      | Reached XP level 4. HP: 32/33 MP: 4/4
   939 | D:2      | Reached skill level 6 in Polearms
   964 | D:2      | Noticed Natasha
   978 | D:2      | Killed Natasha
  1144 | D:2      | Found a white marble altar of Elyvilon.
  1171 | D:2      | Noticed Natasha
  1442 | D:2      | Reached XP level 5. HP: 38/38 MP: 5/5
  1537 | D:2      | Killed Natasha
  1538 | D:2      | Reached skill level 6 in Dodging
  1736 | D:3      | Found Lyote's Assorted Antiques.
  1748 | D:3      | Found a transporter.
  1761 | D:3      | Noticed mdk's ghost (amateur TeCj)
  1794 | D:3      | Found a transporter.
  1816 | D:3      | Found an opulent altar of Gozag.
  2029 | D:3      | Bought a scroll labelled UXKIHU SAOMUPN for 26 gold pieces
  2029 | D:3      | Bought a scroll labelled UXKIHU SAOMUPN for 26 gold pieces
  2029 | D:3      | Bought a scroll labelled LOXZOA OJAZE for 26 gold pieces
  2029 | D:3      | Bought a viscous ruby potion for 23 gold pieces
  2029 | D:3      | Bought a sapphire potion for 23 gold pieces
  2116 | D:3      | Found a burning altar of Makhleb.
  2127 | D:3      | Found a sparkling altar of Nemelex Xobeh.
  2437 | D:4      | Found a basalt altar of Yredelemnul.
  2458 | D:4      | Reached skill level 7 in Polearms
  2490 | D:4      | HP: 2/38 [bullfrog skeleton (5)]
  2494 | D:4      | Reached XP level 6. HP: 6/44 MP: 6/6
  2818 | D:4      | Found a sand-covered staircase.
  2829 | Ossuary  | Entered an ossuary
  2955 | Ossuary  | Reached skill level 7 in Dodging
  3018 | Ossuary  | Reached skill level 8 in Polearms
  3019 | Ossuary  | Reached XP level 7. HP: 22/50 MP: 7/7
  3255 | Ossuary  | Reached skill level 8 in Dodging
  3275 | Ossuary  | Reached skill level 9 in Polearms
  3749 | D:5      | Entered Level 5 of the Dungeon
  4145 | D:5      | Reached skill level 10 in Polearms
  4145 | D:5      | Reached skill level 9 in Dodging
  4145 | D:5      | Reached XP level 8. HP: 47/56 MP: 8/8
  5273 | D:6      | Found a staircase to the Ecumenical Temple.
  5285 | Temple   | Entered the Ecumenical Temple
  5407 | Temple   | Became a worshipper of Warmaster Okawaru
  5505 | D:6      | Slain by an orc warrior

Vanquished Creatures
  A black bear (D:5)
  An ogre (D:5)
  A phantom (D:6)
  3 elf zombies (Ossuary)
  A scorpion (D:5)
  A water moccasin skeleton (D:5)
  A centaur zombie (Ossuary)
  A hound (D:6)
  2 human zombies (Ossuary)
  An orc priest (D:4)
  2 bullfrog skeletons
  A gnoll shaman (D:5)
  Natasha (thrice) (D:2)
  An orc wizard (D:4)
  A hound skeleton (D:5)
  2 mummies (Ossuary)
  3 gnolls (D:5)
  An adder (D:4)
  A white imp (D:5)
  3 adder zombies (Ossuary)
  7 worms
  2 dart slugs
  9 orcs
  5 endoplasms
  5 giant cockroaches
  8 goblins
  5 hobgoblins
  5 quokkas
  9 ball pythons
  6 bats
  4 frilled lizards
  10 hobgoblin zombies (Ossuary)
  A jackal zombie (Ossuary)
  5 kobolds
  4 kobold zombies (Ossuary)
  11 orc zombies (Ossuary)
  7 rats
  3 rat zombies
137 creatures vanquished.

Table legend: (Time is in decaauts)
 A = Elapsed time spent in this place.
 B = Non-inter-level travel time spent in this place.
 C = Inter-level travel time spent in this place.
 D = Time resting spent in this place.
 E = Time spent auto-exploring this place.
 F = Levels seen in this place.
 G = Mean time per level.
                   A        B        C        D        E       F      G
               +--------+--------+--------+--------+--------+-----+--------+
         Total |   5467 |   5215 |    252 |    762 |   3403 |   8 |  683.4 |
       Dungeon |   4719 |   4485 |    234 |    590 |   3083 |   6 |  786.5 |
        Temple |    139 |    122 |     17 |      0 |    114 |   1 |  139.0 |
       Ossuary |    608 |    608 |      0 |    172 |    206 |   1 |  608.0 |
               +--------+--------+--------+--------+--------+-----+--------+

Top non-repeatable levels by time:
     D:5: 1423 daAuts
     D:2: 912 daAuts
     D:1: 829 daAuts
     D:4: 702 daAuts
     D:3: 679 daAuts
 Ossuary: 608 daAuts
     D:6: 172 daAuts
  Temple: 139 daAuts

Table legend:
 A = Non-vault XP
 B = Vault XP
 C = Vault XP percentage of total XP
 D = Non-vault monster count
 E = Vault monster count
 F = Vault count percentage of total count
                 A         B        C        D         E       F
            +---------+---------+-------+---------+---------+-------
      Total |    1040 |     548 |  34.5 |      92 |      45 |  32.8
            +---------+---------+-------+---------+---------+-------
        D:1 |      29 |       4 |  12.1 |      21 |       2 |   8.7
        D:2 |     130 |      39 |  23.1 |      25 |       3 |  10.7
        D:3 |      32 |       0 |   0.0 |      14 |       0 |   0.0
        D:4 |     163 |       1 |   0.6 |      18 |       1 |   5.3
        D:5 |     543 |       0 |   0.0 |      12 |       0 |   0.0
        D:6 |     143 |       0 |   0.0 |       2 |       0 |   0.0
    Ossuary |       0 |     504 | 100.0 |       0 |      39 | 100.0
            +---------+---------+-------+---------+---------+-------
